 Dungeon Crawl Stone Soup version 0.30-a0-534-gdc55766716 (webtiles) character file.

Game seed: 13886675723223461902

321 hikkokomori the Conjurer (level 6, -1/41 HPs)
             Began as a Demonspawn Conjurer on Dec 25, 2022.
             Succumbed to an orc wizard's poison
             ... on level 4 of the Dungeon.
             The game lasted 00:05:03 (4025 turns).

hikkokomori the Conjurer (Demonspawn Conjurer)      Turns: 4025, Time: 00:05:04

Health: -1/41      AC:  3    Str: 14    XL:     6   Next: 22%
Magic:  0/10       EV: 12    Int: 21    God:
Gold:   137        SH:  0    Dex: 11    Spells: 1/10 levels left

rFire   . . .      SeeInvis .    m - staff of conjuration
rCold   . . .      Faith    .    (no shield)
rNeg    . . .      Spirit   .    a - +0 robe
rPois   .          Reflect  .    (helmet restricted)
rElec   .          Harm     .    (no cloak)
rCorr   .          Rampage  .    (no gloves)
Will    .....                    j - +0 pair of boots
Stlth   ++                       (no amulet)
HPRegen 0.26/turn                h - +6 ring of strength
MPRegen 0.12/turn                (no ring)

@: lethally poisoned (-1 -> -20)
A: claws 1, hooves 1, horns 1, powered by death 1
a: no special abilities


You were on level 4 of the Dungeon.
You visited 1 branch of the dungeon, and saw 4 of its levels.

You collected 137 gold pieces.

Inventory:

Hand Weapons
 c - a +0 dagger
Missiles
 u - a throwing net
Armour
 a - a +0 robe (worn)
 j - a +0 pair of boots (worn)
Magical Staves
 m - a staff of conjuration (weapon)
Jewellery
 h - a +6 ring of strength (left claw)
 o - a ring of protection from cold
 q - a ring of flight
Scrolls
 d - a scroll of acquirement {unknown}
 f - 3 scrolls of teleportation {unknown}
 n - a scroll of butterflies {unknown}
 p - a scroll of vulnerability {unknown}
 s - a scroll of brand weapon {unknown}
 t - a scroll of amnesia {unknown}
 v - a scroll of fog {unknown}
Potions
 b - a potion of magic
 e - a potion of might {unknown}
 g - 3 potions of curing
 i - 4 potions of mutation {unknown}
 k - a potion of degeneration {unknown}
 l - a potion of attraction {unknown}
 r - 3 potions of haste {unknown}


   Skills:
 - Level 1.7 Dodging
 - Level 1.7 Stealth
 + Level 2.9 Spellcasting
 + Level 6.2 Conjurations
 + Level 2.1 Hexes
 - Level 2.0 Evocations


You had one spell level left.
You knew the following spells:

 Your Spells              Type           Power      Damage    Failure   Level
a - Magic Dart            Conj           100%       1d8       1%          1
b - Searing Ray           Conj           86%        2d7       1%          2
c - Fulminant Prism       Conj/Hex       15%        3d11      24%         4
d - Blink                 Tloc           6%         N/A       21%         2

Your spell library contained the following spells:

 Spells                   Type           Power      Damage    Failure   Level
 Momentum Strike          Conj/Tloc      48%        3d9       5%          2
 Dazzling Flash           Conj/Hex       62%        N/A       7%          3
 Iskenderun's Mystic Bla  Conj/Tloc      24%        2d7       36%         4
 Lesser Beckoning         Tloc           6%         N/A       38%         3


Dungeon Overview and Level Annotations

Branches:
Dungeon (4/15)
 Temple: D:4-7

Altars:
Cheibriados
Makhleb
Qazlal
Vehumet
Wu Jian
Xom

Shops:
D:2 :

Annotations:
D:3 2 transporters, Robin


Innate Abilities, Weirdness & Mutations

You have sharp fingernails.
You have large cloven feet.
You have a pair of small horns on your head.
You regenerate a little health from kills.


Message History

You feel very sick. Something hits you.
You are lethally poisoned!
The orc priest looks encouraged for a moment.
The searing ray hits the orc priest.
The orc priest is almost dead.
You finish channelling your searing ray.
* * * LOW HITPOINT WARNING * * *
You feel very sick. Something hits you.
* * * LOW HITPOINT WARNING * * *
You are more poisoned.
It was a potion of curing.
You feel better.
The orc priest miscasts a cantrip.
Something hits you.
You are poisoned.
Unknown command.
Casting: Searing Ray (safe; 1% risk of failure)
Confirm with . or Enter, or press ? or * to list all spells.
Aiming: Magic Dart (safe; 1% risk of failure)
Press: ? - help, Shift-Dir - straight line, f - orc priest
Aim: an orc priest, wielding a +0 flail and wearing a +0 chain mail (almost dead, 100% to hit)
You feel a surge of power!
The magic dart hits something.
You feel sick. Something hits you.
* * * LOW HITPOINT WARNING * * *
You are lethally poisoned!
The orc priest miscasts a cantrip.
Unknown command.
Casting: Magic Dart (safe; 1% risk of failure)
Confirm with . or Enter, or press ? or * to list all spells.
You don't have enough magic to cast this spell.
Unknown command.
You feel better. Something hits you.
You are poisoned.
The orc priest invokes the aid of Beogh against you.
Beogh smites you!
* * * LOW HITPOINT WARNING * * *
Something hits you but does no damage.
You are more poisoned.
You die...

#.#.## ##
#.###### #.
#.##...# ##
#....#.# #
####...# ##.##
# #.# #
....#########.#
#
...))o..@.....#
#
...############


You could see an orc priest.

Vanquished Creatures
  An ice beast (D:4)
  A crimson imp (D:3)
  A hound (D:4)
  An orc priest (D:4)
  An iguana (D:4)
  An adder (D:4)
  A shadow imp (D:4)
  2 worms
  3 dart slugs
  An orc (D:4)
  4 ball pythons
  9 bats
  8 endoplasms
  3 giant cockroaches
  11 goblins
  8 hobgoblins
  8 kobolds
  4 quokkas
  4 frilled lizards
  7 rats
79 creatures vanquished.

Notes
Turn   | Place    | Note
-------+----------+-------------------------------------------
     0 | D:1      | hikkokomori the Demonspawn Conjurer began the quest for the
                  | Orb.
     0 | D:1      | Reached XP level 1. HP: 13/13 MP: 3/3
   255 | D:1      | Discovered your monstrous ancestry.
   255 | D:1      | Gained mutation: You have a pair of small horns on your
                  | head. [demonic ancestry]
   255 | D:1      | Reached XP level 2. HP: 19/19 MP: 1/5
   743 | D:1      | Reached skill level 5 in Conjurations
   745 | D:1      | Gained mutation: You have sharp fingernails. [demonic
                  | ancestry]
   745 | D:1      | Reached XP level 3. HP: 24/24 MP: 0/6
  1291 | D:2      | Learned a level 2 spell: Searing Ray
  1427 | D:2      | Found Cocef's Book Shop.
  2009 | D:2      | Reached skill level 1 in Evocations
  2345 | D:3      | Found an ornate altar of the Wu Jian Council.
  2345 | D:3      | Noticed a phantom
  2346 | D:3      | Found a transporter.
  2469 | D:3      | Found a radiant altar of Vehumet.
  2469 | D:3      | Found a burning altar of Makhleb.
  2475 | D:3      | Gained mutation: You regenerate a little health from kills.
                  | [demonic ancestry]
  2475 | D:3      | Reached XP level 4. HP: 21/30 MP: 1/7
  2730 | D:3      | Found a stormy altar of Qazlal.
  2732 | D:3      | Found a shimmering altar of Xom.
  2881 | D:3      | Found a transporter.
  3415 | D:3      | Noticed Robin
  3420 | D:3      | Found a snail-covered altar of Cheibriados.
  3426 | D:3      | Learned a level 4 spell: Fulminant Prism
  3696 | D:4      | Gained mutation: You have large cloven feet. [demonic
                  | ancestry]
  3696 | D:4      | Reached XP level 5. HP: 35/35 MP: 4/8
  3783 | D:4      | Reached skill level 1 in Hexes
  3829 | D:4      | Noticed an ice beast
  3837 | D:4      | Killed an ice beast
  3838 | D:4      | Reached skill level 6 in Conjurations
  3915 | D:4      | Learned a level 2 spell: Blink
  3942 | D:4      | Reached XP level 6. HP: 41/41 MP: 4/10
  4025 | D:4      | Succumbed to an orc wizard's poison

Illustrated notes

Levels and vault maps discovered:
D:1:      dpeg_arrival_pits, layout_loops_ring
D:2:      minmay_chambers_of_ones, layout_basic, serial_shops, shop
D:3:      layout_loops_ring, gammafunk_temple_overflow_arena,
          nicolae_overflow_hidden_temple,
          grunt_temple_overflow_lords_of_destruction, uniq_robin
D:4:      layout_loops_corners, minmay_temple_entry_nine_rooms,
          ebering_ghost_disaster_area, st_stairs_6

Skill      XL: |  1  2  3  4  5 |
---------------+----------------+-----
Conjurations   | 5 6 |  6.2
Evocations     | 1 2 |  2.0
Hexes          | 2 |  2.1
Dodging        | |  1.7
Stealth        | |  1.7
Spellcasting   | |  2.9

Action                   |  1- 3 |  4- 6 || total
-------------------------+-------+-------++-------
Melee: Dagger            |     8 |       ||     8
       Headbutt          |     2 |       ||     2
 Cast: Magic Dart        |    93 |    59 ||   152
       Searing Ray       |     1 |     2 ||     3
  Use: Potion            |       |     2 ||     2
Armor: Robe              |     4 |     1 ||     5
Dodge: Dodged            |     8 |     4 ||    12

Table legend: (Time is in decaauts)
 A = Elapsed time spent in this place.
 B = Non-inter-level travel time spent in this place.
 C = Inter-level travel time spent in this place.
 D = Time resting spent in this place.
 E = Time spent auto-exploring this place.
 F = Levels seen in this place.
 G = Mean time per level.
                   A        B        C        D        E       F      G
               +--------+--------+--------+--------+--------+-----+--------+
         Total |   4022 |   3909 |    113 |     71 |   3450 |   4 | 1005.5 |
       Dungeon |   4022 |   3909 |    113 |     71 |   3450 |   4 | 1005.5 |
               +--------+--------+--------+--------+--------+-----+--------+

Top non-repeatable levels by time:
     D:1: 1284 daAuts
     D:3: 1205 daAuts
     D:2: 991 daAuts
     D:4: 540 daAuts
